Crazy game with every tank used

Match 25351175
End
Kettenkrad Recon Vehicle
Construct Infanterie Kompanie
Selects Mechanized Battlegroup
MG 42 Machine Gun Team
Grenadier Squad
GrW 34 Mortar Team
Construct Panzergrenadier Kompanie
Panzergrenadier Squad
Panzergrenadier Officer Quarters
Pak 40 Anti-tank Gun Team
Selects Spotting Scopes
Panzergrenadier Squad
Selects Wespe Self-propelled Artillery
Wespe Self-propelled Artillery
Pak 40 Anti-tank Gun Team
Wespe Self-propelled Artillery
Pioneer Squad
Selects Raid Package
Construct Panzer Kompanie
Selects 8 Rad Armored Car
Selects UNKNOWN (2160084)
Panther Heavy Tank
Panzer Officer Quarters
Selects Zeroing Artillery Barrage
Panther Heavy Tank
Zeroing Artillery Barrage
Pioneer Squad
Zeroing Artillery Barrage
Panzergrenadier Squad
Zeroing Artillery Barrage
Panther Heavy Tank
Hevsik
Hunter - Sayad Al-Khanazeer
Poncho Villa
Joe™
Trans r human Rights
Don't Bully Me, I'll Cum
cheezus21
TwistedTootsy
0
0

Comments sign in to comment!

No comments posted yet!